 Dungeon Crawl Stone Soup version 0.30-a0-341-g682706514a (webtiles) character file.

Game seed: 2332792637515539291

271 Hubris850 the Ruffian (level 6, -5/51 HPs)
             Began as a Gnoll Gladiator on Nov 1, 2022.
             Slain by a gnoll
             ... wielding a +0 spear
             ... led by a gnoll bouda
              (9 damage)
             ... on level 5 of the Dungeon.
             The game lasted 00:05:07 (2787 turns).

Hubris850 the Ruffian (Gnoll Gladiator)             Turns: 2787, Time: 00:05:07

Health: -5/51      AC:  4    Str: 15    XL:     6   Next: 23%
Magic:  9/9        EV: 14    Int:  8    God:
Gold:   144        SH:  0    Dex: 13    Spells: 9/9 levels left

rFire   . . .      SeeInvis .      - Unarmed
rCold   . . .      Faith    .    (no shield)
rNeg    + . .      Spirit   .    a - +0 leather armour
rPois   .          Reflect  .    b - +0 helmet
rElec   .          Harm     +    h - scarf {harm}
rCorr   .          Rampage  .    (no gloves)
Will    .....                    (no boots)
Stlth   ++........               p - amulet of regeneration
HPRegen 1.08/turn                k - ring of positive energy
MPRegen 0.11/turn                (no ring)

@: no status effects
A: fangs 1, strong nose, distributed training
a: no special abilities


You were on level 5 of the Dungeon.
You visited 1 branch of the dungeon, and saw 5 of its levels.

You collected 144 gold pieces.

Inventory:

Hand Weapons
 s - a +0 hand axe of flaming
Missiles
 c - 4 throwing nets
 d - a javelin
 e - 44 stones (quivered)
 x - 6 poisoned darts
Armour
 a - a +0 leather armour (worn)
 b - a +0 helmet (worn)
 h - a scarf of harm (worn)
Magical Staves
 v - a staff of poison
Jewellery
 k - a ring of positive energy (left hand)
 p - an amulet of regeneration (around neck)
Scrolls
 i - 2 scrolls of butterflies {unknown}
 j - 4 scrolls of identify {unknown}
 l - a scroll of silence {unknown}
 m - a scroll of enchant weapon {unknown}
 o - 2 scrolls of teleportation {unknown}
 r - 2 scrolls of immolation {unknown}
 y - a scroll of blinking {unknown}
Potions
 f - 2 potions of curing {unknown}
 g - 5 potions of mutation {unknown}
 n - a potion of invisibility {unknown}
 q - 2 potions of haste {unknown}
 t - a potion of magic {unknown}
 u - 3 potions of might {unknown}
 w - a potion of heal wounds {unknown}
 z - a potion of brilliance {unknown}
 A - 2 potions of lignification {unknown}
 B - a potion of resistance {unknown}


   Skills:
 + Level 5.0 Fighting
 + Level 2.0 Short Blades
 + Level 2.0 Long Blades
 + Level 2.0 Axes
 + Level 2.0 Maces & Flails
 + Level 2.0 Polearms
 + Level 2.0 Staves
 + Level 2.0 Ranged Weapons
 + Level 5.0 Throwing
 + Level 2.0 Armour
 + Level 6.8 Dodging
 + Level 2.0 Stealth
 + Level 2.0 Shields
 + Level 6.8 Unarmed Combat
 + Level 2.0 Spellcasting
 + Level 1.5 Conjurations
 + Level 1.5 Hexes
 + Level 1.5 Summonings
 + Level 1.5 Necromancy
 + Level 1.5 Translocations
 + Level 1.5 Transmutations
 + Level 1.5 Fire Magic
 + Level 1.5 Ice Magic
 + Level 1.5 Air Magic
 + Level 1.5 Earth Magic
 + Level 1.5 Poison Magic
 + Level 2.1 Invocations
 + Level 2.0 Evocations


You had 9 spell levels left.
You didn't know any spells.
Your spell library contained the following spells:

 Spells                   Type           Power      Damage    Failure   Level
 Apportation              Tloc           6%         N/A       24%         1
 Necrotise                Necr           12%        1d4       24%         1
 Summon Small Mammal      Summ           12%        N/A       24%         1
 Vhi's Electric Charge    Tloc/Air       6%         N/A       56%         3
 Arcjolt                  Conj/Air       1%         1d11      100%        5
 Maxwell's Capacitive Co  Air            1%         ∞         100%        8


Dungeon Overview and Level Annotations

Branches:
Dungeon (5/15)
 Temple: D:4-7

Altars:
Dithmenos
Zin


Innate Abilities, Weirdness & Mutations

You have very sharp teeth.
Your uncanny sense of smell can sniff out nearby items.
Your experience applies equally to all skills.


Message History

The gnoll closely misses you.
You closely miss the gnoll bouda.
The gnoll bouda is heavily wounded.
The gnoll bouda barely misses you. The gnoll closely misses you.
You hit the gnoll bouda.
The gnoll bouda is heavily wounded.
The gnoll bouda gazes fiercely through you!
You feel your attacks grow feeble.
The gnoll bouda hits you with a +0 club.
The gnoll hits you from afar with a +0 spear.
You hit the gnoll bouda.
The gnoll bouda is severely wounded.
The gnoll bouda hits you with a +0 club!
* * * LOW HITPOINT WARNING * * *
The gnoll hits you but does no damage.
You hit the gnoll bouda but do no damage.
The gnoll bouda is severely wounded.
The gnoll bouda misses you.
The gnoll hits you from afar with a +0 spear.
* * * LOW HITPOINT WARNING * * *
You barely miss the gnoll bouda. Your punch misses the gnoll bouda.
The gnoll bouda is severely wounded.
The gnoll bouda hits you with a +0 club.
* * * LOW HITPOINT WARNING * * *
The gnoll barely misses you.
You hit the gnoll bouda but do no damage.
The gnoll bouda is severely wounded.
The gnoll bouda hits you with a +0 club.
* * * LOW HITPOINT WARNING * * *
You hit the gnoll bouda but do no damage.
Your bite misses the gnoll bouda.
The gnoll bouda is heavily wounded.
Your attacks no longer feel as feeble.
The gnoll hits you from afar with a +0 spear.
* * * LOW HITPOINT WARNING * * *
The gnoll bouda closely misses you.
You hit the gnoll bouda.
The gnoll bouda is almost dead.
The gnoll hits you from afar with a +0 spear!
You die...

....# #.......#
#..####........#
#.............#
##.....##......#
##..### ####...
#.## ... #.# ..
##)# #g@# #...#
.....g. ∆
.....##... ....#
##... ....∆ ....
... ..... ..
......


You could see a gnoll bouda and a gnoll (swift).

Vanquished Creatures
  2 scorpions
  An iguana (D:4)
  2 gnolls (D:5)
  2 adders (D:3)
  A white imp (D:5)
  An ufetubus (D:5)
  A worm (D:4)
  A dart slug (D:4)
  2 orcs
  2 bats (D:3)
  9 endoplasms
  A giant cockroach (D:2)
  3 goblins
  5 hobgoblins
  6 jackals
  7 quokkas
  7 ball pythons
  A frilled lizard (D:3)
  8 kobolds
  11 rats
73 creatures vanquished.

Notes
Turn   | Place    | Note
-------+----------+-------------------------------------------
     0 | D:1      | Hubris850 the Gnoll Gladiator began the quest for the Orb.
     0 | D:1      | Reached XP level 1. HP: 20/20 MP: 1/1
   110 | D:1      | Reached XP level 2. HP: 22/26 MP: 2/2
   854 | D:2      | Reached XP level 3. HP: 31/31 MP: 3/3
  1268 | D:3      | Reached skill level 1 in Invocations
  1308 | D:3      | Reached skill level 1 in Short Blades
  1308 | D:3      | Reached skill level 1 in Long Blades
  1308 | D:3      | Reached skill level 1 in Axes
  1308 | D:3      | Reached skill level 1 in Maces & Flails
  1308 | D:3      | Reached skill level 1 in Polearms
  1308 | D:3      | Reached skill level 1 in Staves
  1308 | D:3      | Reached skill level 1 in Ranged Weapons
  1308 | D:3      | Reached skill level 1 in Armour
  1308 | D:3      | Reached skill level 1 in Stealth
  1308 | D:3      | Reached skill level 1 in Shields
  1308 | D:3      | Reached skill level 1 in Spellcasting
  1308 | D:3      | Reached skill level 1 in Evocations
  1339 | D:3      | Reached XP level 4. HP: 38/38 MP: 5/5
  1364 | D:3      | You fall into a shaft and drop 1 floor!
  1439 | D:4      | Found a glowing silver altar of Zin.
  1928 | D:3      | Reached skill level 1 in Conjurations
  1928 | D:3      | Reached skill level 1 in Hexes
  1928 | D:3      | Reached skill level 1 in Summonings
  1928 | D:3      | Reached skill level 1 in Necromancy
  1928 | D:3      | Reached skill level 1 in Translocations
  1928 | D:3      | Reached skill level 1 in Transmutations
  1928 | D:3      | Reached skill level 1 in Fire Magic
  1928 | D:3      | Reached skill level 1 in Ice Magic
  1928 | D:3      | Reached skill level 1 in Air Magic
  1928 | D:3      | Reached skill level 1 in Earth Magic
  1928 | D:3      | Reached skill level 1 in Poison Magic
  1987 | D:3      | Found a shadowy altar of Dithmenos.
  2212 | D:4      | Noticed a scorpion
  2229 | D:3      | Killed a scorpion
  2230 | D:3      | Reached XP level 5. HP: 42/43 MP: 5/7
  2569 | D:4      | Reached XP level 6. HP: 45/50 MP: 8/8
  2745 | D:5      | Entered Level 5 of the Dungeon
  2770 | D:5      | Reached skill level 5 in Fighting
  2770 | D:5      | Reached skill level 5 in Throwing
  2787 | D:5      | Slain by a gnoll

Illustrated notes

Levels and vault maps discovered:
D:1:      evilmike_arrival_rings, layout_basic
D:2:      layout_basic, serial_corexii_hall, corexii_hall_statues_deadend,
          corexii_hall_statues_x
D:3:      layout_loops_corners, nicolae_dithmenos_through_a_glass_darkly,
          roderic_three_in_a_row, minmay_circle_x
D:4:      layout_rooms, zin_academy, serial_rivers,
          chequers_serial_rivers_micro_d, chequers_serial_rivers_room_a,
          chequers_serial_rivers_micro_b, chequers_serial_rivers_large_b,
          chequers_serial_rivers_small_3
D:5:      layout_layer_cave, mainiacjoe_overflow_tiny_flanked, uniq_menkaure

Skill      XL: |  1  2  3  4  5  6 |
---------------+-------------------+-----
Invocations    | 1 2 |  2.1
Short Blades   | 1 2 |  2.0
Long Blades    | 1 2 |  2.0
Axes           | 1 2 |  2.0
Maces & Flails | 1 2 |  2.0
Polearms       | 1 2 |  2.0
Staves         | 1 2 |  2.0
Ranged Weapons | 1 2 |  2.0
Armour         | 1 2 |  2.0
Stealth        | 1 2 |  2.0
Shields        | 1 2 |  2.0
Spellcasting   | 1 2 |  2.0
Evocations     | 1 2 |  2.0
Conjurations   | 1 |  1.5
Hexes          | 1 |  1.5
Summonings     | 1 |  1.5
Necromancy     | 1 |  1.5
Translocations | 1 |  1.5
Transmutations | 1 |  1.5
Fire Magic     | 1 |  1.5
Ice Magic      | 1 |  1.5
Air Magic      | 1 |  1.5
Earth Magic    | 1 |  1.5
Poison Magic   | 1 |  1.5
Fighting       | 5 |  5.0
Throwing       | 5 |  5.0
Dodging        | |  6.8
Unarmed Combat | |  6.8

Action                   |  1- 3 |  4- 6 || total
-------------------------+-------+-------++-------
Melee: Unarmed           |    80 |   107 ||   187
       Bite              |     5 |    14 ||    19
       Punch             |     2 |     6 ||     8
Throw: Stone             |     3 |       ||     3
       Throwing net      |       |     1 ||     1
 Stab: Sleeping          |     1 |     3 ||     4
       Held in net/web   |       |     1 ||     1
       Distracted        |       |     1 ||     1
Armor: Leather armour    |    18 |     9 ||    27
Dodge: Dodged            |    46 |    62 ||   108

Table legend: (Time is in decaauts)
 A = Elapsed time spent in this place.
 B = Non-inter-level travel time spent in this place.
 C = Inter-level travel time spent in this place.
 D = Time resting spent in this place.
 E = Time spent auto-exploring this place.
 F = Levels seen in this place.
 G = Mean time per level.
                   A        B        C        D        E       F      G
               +--------+--------+--------+--------+--------+-----+--------+
         Total |   2797 |   2699 |     98 |      0 |   2208 |   5 |  559.4 |
       Dungeon |   2797 |   2699 |     98 |      0 |   2208 |   5 |  559.4 |
               +--------+--------+--------+--------+--------+-----+--------+

Top non-repeatable levels by time:
     D:3: 931 daAuts
     D:1: 643 daAuts
     D:4: 641 daAuts
     D:2: 542 daAuts
     D:5: 38 daAuts
